 Dungeon Crawl Stone Soup version 0.25-a0-589-g1e14c549ee (webtiles) character file.

Game seed: 14441611079957670347, levelgen mode: deterministic

23634 Kohma the Geomancer (level 13, 0/82 HPs)
             Began as a Gargoyle Earth Elementalist on Mar 13, 2020.
             Was a Priest of Ashenzari.
             Slain by a spiny frog (15 damage)
             ... on level 2 of the Lair of Beasts.
             The game lasted 00:52:20 (16900 turns).

Kohma the Geomancer (Gargoyle Earth Elementalist)  Turns: 16900, Time: 00:52:20

Health: 0/82       AC: 25    Str:  8    XL:     13   Next: 8%
Magic:  8/27       EV: 17    Int: 24    God:    Ashenzari [***...]
Gold:   1049       SH:  5    Dex: 13    Spells: 17/32 levels left

rFire    + + .     SeeInvis +   a - +2 demon blade (flame) (curse)
rCold    + + +     Gourm    .   e - +0 buckler
rNeg     + . .     Faith    .   V - +2 robe {rC+ rF+} (curse)
rPois    ∞         Spirit   .   X - +2 helmet {Int+3} (curse)
rElec    +         Reflect  .   Y - scarf {rC+ rF+} (curse)
rCorr    .         Harm     .   A - +1 pair of gloves
MR       .....                  z - +2 pair of boots of Pemasiz {+Fly rC+ Str-4 Dex+3} (curse)
Stlth    ++........             i - amulet of regeneration
HPRegen  0.63/turn              q - +3 ring of protection
MPRegen  0.20/turn              (no ring)

@: no status effects
A: negative energy resistance 1, electricity resistance, unbreathing,
petrification resistance, rot immunity, AC +9
a: Curse Item, Scrying, Renounce Religion, Evoke Flight


You were on level 2 of the Lair of Beasts.
You worshipped Ashenzari.
Ashenzari was most pleased with you.
You were not hungry.

You visited 3 branches of the dungeon, and saw 14 of its levels.
You also visited: Sewer, Ossuary and Volcano.

You collected 1286 gold pieces.
You spent 237 gold pieces at shops.

Inventory:

Hand Weapons
 a - a cursed +2 demon blade of flaming (weapon)
 D - a +1 demon blade of flaming
 P - a +0 hand crossbow
Missiles
 b - 447 stones
 m - 185 bolts
 t - 64 poisoned darts (quivered)
Armour
 e - a +0 buckler (worn)
 z - the cursed +2 pair of boots of Pemasiz (worn) {+Fly rC+ Str-4 Dex+3}
   (You found it on level 11 of the Dungeon)

   It affects your strength (-4).
   It affects your dexterity (+3).
   It protects you from cold.
   It lets you fly.
   It has a curse placed upon it.
 A - a +1 pair of gloves (worn)
 U - a +0 tower shield
 V - a cursed +2 robe of resistance (worn)
 X - a cursed +2 helmet of intelligence (worn)
 Y - a cursed scarf of resistance (worn)
Magical Staves
 x - an uncursed staff of summoning
Jewellery
 i - an amulet of regeneration (around neck)
 q - a +3 ring of protection (left hand)
Wands
 c - a wand of polymorph (17)
 g - a wand of acid (8)
 S - a wand of clouds (6)
 W - a wand of scattershot (11)
Scrolls
 u - 4 scrolls of amnesia
 y - 3 scrolls of remove curse
 E - 2 scrolls of magic mapping
 H - 5 scrolls of enchant weapon
 I - 2 scrolls of fog
 N - 5 scrolls of teleportation
 O - 3 scrolls of blinking
 Q - 3 scrolls of fear
 R - 2 scrolls of immolation
Potions
 f - 2 potions of flight
 h - 13 potions of curing
 k - 5 potions of haste
 l - 6 potions of might
 n - 2 potions of berserk rage
 o - 4 potions of lignification
 p - 2 potions of cancellation {unknown}
 r - 7 potions of heal wounds
 v - 5 potions of magic
 w - 3 potions of brilliance
 G - 4 potions of stabbing {unknown}
 J - a potion of ambrosia {unknown}
 K - 3 potions of mutation
 L - 2 potions of resistance {unknown}
Comestibles
 d - 26 rations


   Skills:
 - Level 10.0 Fighting
 * Level 9.7(12.4) Long Blades
 - Level 4.0 Armour
 - Level 7.0(8.9) Dodging
 - Level 2.1(3.6) Stealth
 * Level 3.5 Shields
 - Level 10.0 Spellcasting
 - Level 3.4 Conjurations
 - Level 1.4 Transmutations
 - Level 10.0 Earth Magic


You had 17 spell levels left.
You knew the following spells:

 Your Spells              Type           Power        Failure   Level  Hunger
a - Sandblast             Erth           ######       1%          1    None
b - Passwall              Tmut/Erth      #####...     1%          2    None
c - Stone Arrow           Conj/Erth      #####.       1%          3    None
d - Lee's Rapid Deconstr  Erth           ######....   2%          5    ####...
e - Petrify               Tmut/Erth      #####...     5%          4    #......

Your spell library contained the following spells:

 Spells                   Type           Power        Failure   Level  Hunger
 Corona                   Hex            ##.....      5%          1    None
 Leda's Liquefaction      Hex/Erth       #####.....   7%          4    #......
 Slow                     Hex            ##......     9%          2    None
 Inner Flame              Hex/Fire       ##......     16%         3    None
 Portal Projectile        Hex/Tloc       ##....       16%         3    None
 Cause Fear               Hex            ##........   47%         4    #......


Dungeon Overview and Level Annotations

Branches:
Dungeon (11/15)            Temple (1/1) D:7            Lair (2/6) D:11
 Spider (0/4) Lair:2          Orc (0/2) D:10          Sewer (visited)
Ossuary (visited)         Volcano (visited)
  Swamp: Lair:2-4    Shoals: Lair:2-4

Altars:
Ashenzari
Cheibriados
Dithmenos
Elyvilon
Fedhas
Gozag
Hepliaklqana
Kikubaaqudgha
Makhleb
Nemelex Xobeh
Okawaru
Qazlal
Ru
Sif Muna
Trog
Uskayaw
Vehumet
Wu Jian
Xom
Yredelemnul
Zin
The Shining One

Shops:
D:11 *

Annotations:
D:5 Prince Ribbit


Innate Abilities, Weirdness & Mutations

You are resistant to torment.
Your stone body is resilient. (AC +9)
You are immune to poison.
You resist negative energy. (rN+)
You are resistant to electric shocks. (rElec)
You can survive without breathing.
You are immune to petrification.
You are immune to rotting.


Message History

The manticore claws you but does no damage.
The manticore closely misses you. The yak barely misses you.
Casting: Lee's Rapid Deconstruction (safe; 2% risk of failure)
Confirm with . or Enter, or press ? or * to list all spells.
Aiming: Sandblast (safe; 1% risk of failure)
Press: ? - help, Shift-Dir - straight line The blast of sand hits the spiny frog but does no damage.
The spiny frog is almost dead.
b - 447 stones The spiny frog completely misses you.
The yak gores you but does no damage. The manticore bites you!
* * * LOW HITPOINT WARNING * * *
The manticore claws you but does no damage.
The manticore completely misses you. The yak barely misses you.
The spiny frog barely misses you.
As you read the scroll of summoning, it crumbles to dust.
Wisps of shadow whirl around you... You block the manticore's attack.
The manticore misses you. The manticore barely misses you.
You block the yak's attack. The spiny frog stings you!
You die...

######.....## * ............###
*# .....[........########## ...
.......................###....
,
...###...........h............,
.#####..........h.............,
.# #.....<...ht.†.l...........
* .#
#.#........hHYY.##.....Y... ,
## ##..........Y@F####{.###...
##.......h#D.## #.##* ..
##........#..# #..**, .
#.............* ,.H## , ,,
###..........# ..# *,
#............. * ,
##..[......... ,,,, , ,,
#P............ , #P.......... ,
, ,


You could see a manticore, 3 yaks, a spiny frog, a friendly seven-headed hydra,
a friendly komodo dragon, a friendly crocodile and 5 friendly wolves.

Vanquished Creatures
  3 hydras
  Erica (D:8)
  A dancing weapon (Volcano)
  2 two-headed ogres (D:9)
  An unseen horror (D:11)
  4 wizards (Volcano)
  A lindwurm (Lair:1)
  Pikel (D:7)
  An ugly thing (D:9)
  2 manticores (D:11)
  A black mamba (Lair:2)
  Maurice (D:8)
  5 toenail golems (Volcano)
  A centaur skeleton (D:11)
  2 spiny frogs
  2 komodo dragons (Lair:2)
  A troll (D:9)
  A hornet (D:9)
  Grinder (D:3)
  A redback (Lair:2)
  5 hippogriffs
  A human (D:7)
  A wyvern (Lair:1)
  3 hogs (D:7)
  A steam dragon (D:11)
  7 yaks
  A basilisk (Lair:2)
  Duvessa (D:3)
  2 water moccasins (Lair:1)
  5 porcupines
  4 orc warriors
  An ice beast (D:8)
  A sky beast (D:10)
  A hornet zombie (D:6)
  5 ogres
  5 phantoms
  7 wolves (Lair:2)
  6 crocodiles
  A centaur (D:5)
  5 big kobolds
  6 bullfrogs
  A water moccasin zombie (D:3)
  Dowan (D:4)
  10 killer bees
  3 wights (D:6)
  A howler monkey (D:6)
  3 crimson imps
  A bullfrog zombie (D:6)
  A centaur zombie (D:9)
  3 bullfrog skeletons
  7 hounds
  2 jellies (D:11)
  A gnoll shaman (D:10)
  6 orc priests
  Jessica (D:2)
  2 iguanas (D:11)
  Natasha (twice) (D:2)
  5 orc wizards
  8 worker ants
  A hound zombie (D:8)
  A hound skeleton (D:6)
  8 mummies (Ossuary)
  A worker ant zombie (D:10)
  A howler monkey zombie (D:6)
  Robin (D:3)
  20 gnolls
  12 adders
  2 river rats (D:6)
  5 oozes
  2 adder zombies (D:6)
  2 adder skeletons
  9 worms
  2 dart slugs
  6 leopard geckos
  37 orcs
  2 ball pythons (Sewer)
  7 giant cockroaches
  12 goblins
  10 hobgoblins
  7 jackals
  32 kobolds
  5 quokkas
  9 bats
  7 frilled lizards
  A giant cockroach zombie (D:5)
  3 hobgoblin zombies (Ossuary)
  A jackal skeleton (D:6)
  3 kobold zombies (Ossuary)
  A leopard gecko skeleton (D:2)
  2 leopard gecko zombies (D:6)
  2 orc zombies (Ossuary)
  A quokka skeleton (D:6)
  A quokka zombie (D:6)
  15 rats
391 creatures vanquished.

Vanquished Creatures (others)
  A wizard (Volcano)
  A slave (D:7)
  A bullfrog (D:7)
  An orc (D:7)
4 creatures vanquished.

Grand Total: 395 creatures vanquished

Notes
Turn   | Place    | Note
-------+----------+-------------------------------------------
     0 | D:1      | Kohma the Gargoyle Earth Elementalist began the quest for
                  | the Orb.
     0 | D:1      | Reached XP level 1. HP: 10/10 MP: 3/3
   135 | D:1      | Reached XP level 2. HP: 15/15 MP: 1/5
   139 | D:1      | Learned a level 2 spell: Passwall
   477 | D:1      | Reached XP level 3. HP: 9/19 MP: 2/6
   482 | D:1      | Learned a level 3 spell: Stone Arrow
  1454 | D:2      | Reached skill level 1 in Conjurations
  1454 | D:2      | Reached XP level 4. HP: 17/24 MP: 2/8
  1456 | D:2      | Reached skill level 5 in Earth Magic
  1580 | D:2      | Noticed Natasha
  1583 | D:2      | Found a blossoming altar of Fedhas.
  1586 | D:2      | Killed Natasha
  1893 | D:2      | Reached XP level 5. HP: 26/28 MP: 3/9
  1907 | D:2      | Noticed Jessica
  1912 | D:2      | Killed Jessica
  2289 | D:2      | Noticed Natasha
  2293 | D:2      | Killed Natasha
  2570 | D:3      | Found a faded altar of an unknown god.
  2714 | D:3      | Noticed Grinder
  2730 | D:3      | Paralysed by Grinder for 5 turns
  2735 | D:3      | Killed Grinder
  2735 | D:3      | Reached XP level 6. HP: 17/32 MP: 0/11
  3080 | D:3      | Reached XP level 7. HP: 29/36 MP: 5/13
  3277 | D:3      | Found an iron altar of Okawaru.
  3283 | D:3      | Noticed Robin
  3294 | D:3      | Killed Robin
  4052 | D:4      | Noticed Dowan
  4061 | D:4      | Killed Dowan
  4061 | D:4      | Reached skill level 5 in Spellcasting
  4171 | D:4      | Noticed Duvessa
  4187 | D:3      | Killed Duvessa
  4189 | D:3      | Reached XP level 8. HP: 15/41 MP: 0/16
  4245 | D:3      | Learned a level 5 spell: Lee's Rapid Deconstruction
  4250 | D:3      | Learned a level 4 spell: Petrify
  4764 | D:4      | Found a hide-covered altar of Uskayaw.
  5055 | D:5      | Entered Level 5 of the Dungeon
  5109 | D:5      | Found a sand-covered staircase.
  5114 | Ossuary  | Entered an ossuary
  5856 | D:5      | Noticed Prince Ribbit
  6236 | D:6      | Found a glowing drain.
  6270 | Sewer    | Entered a sewer
  6608 | Sewer    | Reached XP level 9. HP: 45/45 MP: 19/19
  6886 | D:6      | Reached skill level 10 in Earth Magic
  6894 | D:6      | Reached skill level 1 in Fighting
  8223 | D:7      | Found a staircase to the Ecumenical Temple.
  8233 | D:7      | Noticed Pikel
  8243 | D:7      | Killed Pikel
  8243 | D:7      | Reached skill level 5 in Fighting
  8243 | D:7      | Reached XP level 10. HP: 49/59 MP: 4/22
  8378 | Temple   | Entered the Ecumenical Temple
  8556 | Temple   | Became a worshipper of Ashenzari the Shackled
  8637 | D:7      | Found a glowing silver altar of Zin.
  8637 | D:7      | Found a shimmering altar of Xom.
  8638 | D:7      | Noticed an angel
  8971 | D:7      | Found a bloodstained altar of Trog.
  8971 | D:7      | Found a stormy altar of Qazlal.
  9029 | D:7      | Found a white marble altar of Elyvilon.
  9049 | D:7      | Reached skill level 5 in Dodging
  9890 | D:8      | Noticed Maurice
  9929 | D:8      | Killed Maurice
 10612 | D:8      | Noticed Erica
 10628 | D:8      | Killed Erica
 10628 | D:8      | Reached skill level 1 in Armour
 10628 | D:8      | Reached skill level 1 in Transmutations
 10800 | D:9      | Noticed a two-headed ogre
 10806 | D:9      | Killed a two-headed ogre
 10806 | D:9      | Reached XP level 11. HP: 35/68 MP: 8/23
 11056 | D:9      | Noticed a cyan ugly thing
 11077 | D:9      | Killed a cyan ugly thing
 11300 | D:9      | Identified a scroll of acquirement
 11300 | D:9      | Identified the cursed ring of Yesterday {rCorr Str+4
                  | Stlth+} (You acquired it on level 9 of the Dungeon)
 11344 | D:9      | Noticed a two-headed ogre
 11349 | D:9      | Killed a two-headed ogre
 11937 | D:10     | Entered Level 10 of the Dungeon
 11937 | D:10     | Reached * piety under Ashenzari
 12683 | D:10     | Found a staircase to the Orcish Mines.
 12942 | D:11     | Found a staircase to the Lair.
 12950 | D:11     | Reached skill level 1 in Long Blades
 13240 | D:11     | Found a basalt altar of Yredelemnul.
 13433 | D:11     | Killed an unseen horror
 13513 | D:11     | Reached skill level 5 in Long Blades
 13547 | D:11     | Noticed a manticore
 13558 | D:11     | Killed a manticore
 13654 | D:11     | Identified the cursed +3 quarterstaff "Erism" {antimagic,
                  | Str+2} (You found it on level 8 of the Dungeon)
 13748 | D:11     | Found Zael's Assorted Antiques.
 13752 | D:11     | Bought a scroll of remove curse for 72 gold pieces
 13752 | D:11     | Bought a scroll of teleportation for 72 gold pieces
 13752 | D:11     | Bought a coppery potion for 21 gold pieces
 13752 | D:11     | Bought a scroll of remove curse for 72 gold pieces
 13757 | D:11     | Noticed a manticore
 13765 | D:11     | Killed a manticore
 13784 | D:11     | Got the uncursed pair of boots of Pemasiz {+Fly rC+ Str-4
                  | Dex+3}
 13790 | D:11     | Identified the +2 pair of boots of Pemasiz {+Fly rC+ Str-4
                  | Dex+3} (You found it on level 11 of the Dungeon)
 14009 | D:11     | Noticed a seven-headed hydra
 14024 | D:11     | Killed a seven-headed hydra
 14024 | D:11     | Reached XP level 12. HP: 60/76 MP: 0/25
 14390 | Lair:1   | Entered Level 1 of the Lair of Beasts
 14390 | Lair:1   | Reached ** piety under Ashenzari
 14437 | Lair:1   | Found a dark tunnel.
 14523 | Volcano  | Entered a volcano
 15364 | Lair:1   | Noticed a seven-headed hydra
 15377 | Lair:1   | Killed a three-headed hydra
 15377 | Lair:1   | Reached skill level 10 in Fighting
 15739 | Lair:1   | Noticed a four-headed hydra
 15751 | Lair:1   | Killed a one-headed hydra
 16239 | Lair:2   | Reached skill level 10 in Spellcasting
 16240 | Lair:2   | Reached skill level 1 in Shields
 16328 | Lair:2   | Reached *** piety under Ashenzari
 16338 | Lair:2   | Found a hole to the Spider Nest.
 16387 | Lair:2   | Reached XP level 13. HP: 37/82 MP: 1/27
 16900 | Lair:2   | Slain by a spiny frog

Levels and vault maps discovered:
D:1:      ncdulo_smallfort, layout_basic, minmay_pentomino_w2
D:2:      layout_basic, fedhas_ov_isle_minmay, uniq_jessica, uniq_natasha
D:3:      layout_rooms, chequers_ecumenical_altar_simple, okawaru_trees_2,
          uniq_grinder, uniq_robin
D:4:      layout_cave_pools, lemuel_crystal_altar, uniq_duvessa
D:5:      layout_rooms, enter_ossuary_5, first_ration, uniq_prince_ribbit1
D:6:      layout_rooms, serial_undead, serial_undead_c, serial_undead_f,
          serial_undead_b, serial_undead_f, serial_undead_e, serial_undead_b,
          gup_sewer_entry_spiral
D:7:      layout_rooms, grunt_temple_overflow_order_and_chaos_1,
          gammafunk_temple_overflow_wave, temple_pool_b, grunt_livestock,
          elyvilon_altar_3, uniq_pikel
D:8:      layout_basic, kennysheep_generic_room_10, uniq_erica, uniq_maurice
D:9:      layout_roguey
D:10:     layout_irregular_city
D:11:     layout_roguey, minmay_lair_entry_grove, serial_shops, shop,
          basic_altar
Temple:   eino_temple_rhombus
Lair:1:   layout_gridlike, nicolae_volcano_entry_vermiform
Lair:2:   layout_gridlike, minmay_shoals_entry_beasts,
          spider_nest_entry_funnel_web

Skill      XL: |  1  2  3  4  5  6  7  8  9 10 11 12 13 |
---------------+----------------------------------------+-----
Earth Magic    | 4 5 6 7 9 10 | 10.0
Conjurations   | 1 3 |  3.4
Spellcasting   | 3 4 5 7 8 9 10 | 10.0
Fighting       | 5 8 9 10 | 10.0
Dodging        | 4 6 7 |  7.0
Armour         | 2 4 |  4.0
Transmutations | 1 |  1.4
Long Blades    | 6 9 |  9.7
Shields        | 2 3 |  3.5
Stealth        | |  2.1

Action                   |  1- 3 |  4- 6 |  7- 9 | 10-12 | 13-15 || total
-------------------------+-------+-------+-------+-------+-------++-------
Melee: Unarmed           |    20 |       |       |       |       ||    20
       Club              |    12 |       |       |       |       ||    12
       Short sword       |    53 |     2 |   203 |   194 |       ||   452
       Dagger            |       |    36 |     1 |       |       ||    37
       Whip              |       |       |    31 |       |       ||    31
       Demon blade       |       |       |       |    51 |    12 ||    63
Throw: Dart              |       |       |     6 |       |       ||     6
 Cast: Sandblast         |    26 |    39 |    44 |    38 |     1 ||   148
       Stone Arrow       |       |    11 |   132 |   197 |    14 ||   354
       Lee's Rapid Decon |       |       |     5 |    20 |     4 ||    29
       Petrify           |       |       |       |     7 |       ||     7
Invok: Curse Item        |       |       |       |     5 |       ||     5
  Use: Scroll            |       |       |    20 |    15 |     1 ||    36
 Stab: Sleeping          |     3 |     4 |       |     3 |       ||    10
       Distracted        |       |     1 |       |       |       ||     1
       Petrified         |       |       |       |     4 |       ||     4
  Eat: Chunk             |     2 |     6 |    18 |    22 |     3 ||    51
       Ration            |       |       |     1 |     2 |       ||     3
Armor: Robe              |    30 |    21 |    24 |   167 |    24 ||   266
       Leather armour    |       |       |   166 |    39 |       ||   205
Dodge: Dodged            |    75 |    34 |   221 |   309 |    28 ||   667
Block: Buckler           |       |       |       |     3 |    10 ||    13
       Rpst.: Demon blade |       |       |       |    22 |     5 ||    27

Table legend:
 A = Non-vault XP
 B = Vault XP
 C = Vault XP percentage of total XP
 D = Non-vault monster count
 E = Vault monster count
 F = Vault count percentage of total count
                 A         B        C        D         E       F
            +---------+---------+-------+---------+---------+-------
      Total |   19793 |   13971 |  41.4 |     291 |     101 |  25.8
            +---------+---------+-------+---------+---------+-------
        D:1 |      62 |       2 |   3.1 |      27 |       1 |   3.6
        D:2 |     130 |      72 |  35.6 |      21 |       2 |   8.7
        D:3 |     355 |     429 |  54.7 |      40 |      11 |  21.6
        D:4 |     369 |      67 |  15.4 |      25 |       1 |   3.8
        D:5 |     373 |       0 |   0.0 |      11 |       0 |   0.0
        D:6 |    1365 |     324 |  19.2 |      37 |      20 |  35.1
        D:7 |    1077 |    1620 |  60.1 |      17 |       6 |  26.1
        D:8 |     743 |    1406 |  65.4 |      14 |       2 |  12.5
        D:9 |    3686 |       0 |   0.0 |      16 |       0 |   0.0
       D:10 |     991 |     408 |  29.2 |      31 |       2 |   6.1
       D:11 |    4295 |    1415 |  24.8 |      28 |      10 |  26.3
     Lair:1 |    3076 |     658 |  17.6 |       8 |       1 |  11.1
     Lair:2 |    3271 |     481 |  12.8 |      16 |       2 |  11.1
      Sewer |       0 |     192 | 100.0 |       0 |      16 | 100.0
    Ossuary |       0 |     152 | 100.0 |       0 |      16 | 100.0
    Volcano |       0 |    6745 | 100.0 |       0 |      11 | 100.0
            +---------+---------+-------+---------+---------+-------
